 Dungeon Crawl Stone Soup version 0.21.1-1-g345015fe64 (webtiles) character file.

219 Norrik the Slasher (level 5, -10/47 HPs)
             Began as a Minotaur Monk on Apr 27, 2018.
             Splashed by Ijyb's acid (12 damage)
             ... on level 3 of the Dungeon.
             The game lasted 00:02:39 (2067 turns).

Norrik the Slasher (Minotaur Monk)                  Turns: 2067, Time: 00:02:40

Health: -10/47     AC: 11    Str: 16    XL:     5   Next: 64%
Magic:  4/4        EV:  8    Int:  7    God:
Gold:   114        SH:  0    Dex: 13    Spells: 4/4 levels left

rFire    . . .     SeeInvis .   a - +0 falchion
rCold    . . .     Gourm    .   (no shield)
rNeg     + . .     Faith    .   l - +1 chain mail {rN+}
rPois    .         Spirit   .   (helmet restricted)
rElec    .         Reflect  .   (no cloak)
rCorr    .         Harm     .   (no gloves)
MR       .....                  o - +0 pair of boots
Stlth    ..........             (no amulet)
HPRegen  0.15/turn              (no ring)
MPRegen  0.09/turn              (no ring)

@: no status effects
A: retaliatory headbutt, horns 2
a: no special abilities


You were on level 3 of the Dungeon.
You were not hungry.

You visited 1 branch of the dungeon, and saw 3 of its levels.

You collected 114 gold pieces.

Inventory:

Hand Weapons
 a - a +0 falchion (weapon)
Armour
 j - a +0 pair of boots
 l - a +1 chain mail of positive energy (worn)
 o - a +0 pair of boots (worn)
Scrolls
 d - a scroll of immolation {unknown}
 e - 2 scrolls of remove curse {unknown}
 h - 4 scrolls of identify {unknown}
 i - a scroll of magic mapping {unknown}
 k - a scroll of fear {unknown}
 m - 3 scrolls of teleportation {unknown}
Potions
 b - a potion of curing {unknown}
 f - 3 potions of haste {unknown}
 g - a potion of flight {unknown}
 p - a potion of heal wounds {unknown}
Comestibles
 c - 4 rations
 n - a chunk of flesh


   Skills:
 + Level 4.9 Fighting
 * Level 6.0 Long Blades
 + Level 3.0 Armour
 - Level 3.2 Dodging
 - Level 1.5 Stealth


You had 4 spell levels left.
You didn't know any spells.

Dungeon Overview and Level Annotations

Branches:
Dungeon (3/15)

Altars:
Sif Muna

Annotations:
D:3 Ijyb


Innate Abilities, Weirdness & Mutations

You reflexively headbutt those who attack you in melee.
You have a pair of horns on your head.


Message History

You hit Ijyb but do no damage. Your headbutt misses Ijyb.
Ijyb is lightly wounded.
Ijyb screams, "Me kill you!" Ijyb closely misses you.
Your chain mail prevents you from hitting Ijyb.
Your headbutt misses Ijyb.
Ijyb is lightly wounded.
Ijyb zaps a wand.
The bolt of acid misses you.
You hit Ijyb but do no damage. You headbutt Ijyb, but do no damage.
Ijyb is lightly wounded.
Ijyb hits you but does no damage.
You closely miss Ijyb.
Ijyb is lightly wounded.
Ijyb hits you.
You closely miss Ijyb.
Ijyb is lightly wounded.
Ijyb zaps a wand.
The bolt of acid hits you!
* * * LOW HITPOINT WARNING * * *
You are splashed with acid!
The acid burns!
You die...

#. #. .. #.
#### #. ... #.
###.####.
####g##.(.....
#....@........
#.##....#.....
#.......## #
###†.#...#.#
.####..#%..#.#
..............#
.########...###
#...# . #...# #


You could see Ijyb.

Vanquished Creatures
  A howler monkey (D:3)
  A bullfrog skeleton (D:2)
  Natasha (twice) (D:3)
  A gnoll (D:1)
  4 adders
  2 worms (D:2)
  2 leopard geckos (D:1)
  4 giant cockroaches
  8 goblins
  6 hobgoblins
  5 jackals
  A quokka (D:3)
  6 bats
  A frilled lizard (D:2)
  4 kobolds
  6 rats
54 creatures vanquished.

Notes
Turn   | Place    | Note
-------+----------+-------------------------------------------
     0 | D:1      | Norrik the Minotaur Monk began the quest for the Orb.
     0 | D:1      | Reached XP level 1. HP: 19/19 MP: 0/0
    52 | D:1      | Reached skill level 4 in Long Blades
    73 | D:1      | Reached XP level 2. HP: 15/27 MP: 1/1
   107 | D:1      | Reached skill level 1 in Armour
   198 | D:1      | Reached XP level 3. HP: 10/33 MP: 2/2
   897 | D:1      | You fall through a shaft!
  1368 | D:2      | Reached skill level 5 in Long Blades
  1368 | D:2      | Reached XP level 4. HP: 41/41 MP: 3/3
  1793 | D:3      | Found a deep blue altar of Sif Muna.
  1827 | D:3      | Noticed Natasha
  1836 | D:3      | Killed Natasha
  1836 | D:3      | Reached XP level 5. HP: 16/47 MP: 4/4
  1876 | D:3      | Noticed Natasha
  1887 | D:3      | Killed Natasha
  2056 | D:3      | Reached skill level 6 in Long Blades
  2057 | D:3      | Noticed Ijyb
  2067 | D:3      | HP: 2/47 [Ijyb/wand of acid (7) (15)]
  2067 | D:3      | Splashed by Ijyb's acid

Skill      XL: |  1  2  3  4  5 |
---------------+----------------+-----
Long Blades    | 4 5 6 |  6.0
Armour         | 1 2 3 |  3.0
Fighting       | 4 |  4.9
Dodging        | |  3.2
Stealth        | |  1.5

Action                   |  1- 3 |  4- 6 || total
-------------------------+-------+-------++-------
Melee: Falchion          |    88 |    59 ||   147
       Headbutt          |    15 |    11 ||    26
 Stab: Sleeping          |     2 |       ||     2
  Eat: Chunk             |     1 |     3 ||     4
Armor: Robe              |     4 |       ||     4
       Chain mail        |    39 |    33 ||    72
Dodge: Dodged            |    43 |    26 ||    69
       Rpst.: Falchion   |    12 |     6 ||    18
